 Dungeon Sprint DCSS version 0.28.0-45-g0d030f2227 (webtiles) character file.

Game seed: 13077647486906860052

36558 boopmooplesden the Executioner (level 13, -6/152 HPs)
             Began as a Minotaur Berserker on Apr 14, 2022.
             Was the Champion of Trog.
             Killed from afar by Nikola (59 damage)
             ... with an arc of chain lightning
             ... in the Dungeon (Sprint II: "The Violet Keep of Menkaure").
             The game lasted 00:15:44 (3919 turns).

boopmooplesden the Executioner (Minotaur Berserker) Turns: 3919, Time: 00:15:45

Health: -6/152     AC: 19    Str: 33    XL:     13   Next: 53%
Magic:  12/12      EV: 17    Int: 12    God:    Trog [******]
Gold:   3083       SH:  5    Dex: 13    Spells: 12/12 levels left

rFire   + + +      SeeInvis +   K - +5 battleaxe of Vaxtiffy {flame, Str+3}
rCold   + . .      Faith    .   (shield currently unavailable)
rNeg    . . .      Spirit   .   k - +3 scale mail "Unoeloyw" {rF+++ Will+ Regen+}
rPois   .          Reflect  +   h - +0 hat
rElec   .          Harm     .   (no cloak)
rCorr   .          Rampage  .   m - +2 pair of gloves
Will    +....      NoTele   +   j - +0 pair of boots of Dien {Fly Int+4}
Stlth   +++.......              p - amulet "Otsaxec" {Reflect Fly rC- Str+2 Dex+2 SH+5}
HPRegen 1.15/turn               z - ring "Osuh Lyti" {Wiz rC++ Int+4 Stlth+}
MPRegen 0.13/turn               (no ring)

@: on berserk cooldown, flying, slowed, very slow
A: horns 2, retaliatory headbutt, thin skeletal structure 1, see invisible
a: Renounce Religion, Berserk, Trog's Hand, Brothers in Arms


You were in the Dungeon.
You worshipped Trog.
Trog was exalted by your worship.
You visited 1 branch You collected 6460 gold pieces.
You spent 3377 gold pieces at shops.

Inventory:

Hand Weapons
 a - a +0 hand axe
 d - a +5 antimagic executioner's axe
 l - the +1 battleaxe "Pavah" {vorpal, Str+3}
   (You bought it in a shop in the Dungeon)

   It inflicts extra damage upon your enemies.
   Str:       It affects your strength (+3).
 u - the +1 hand axe of Ocwigou {drain, Str+4 SInv}
   (You bought it in a shop in the Dungeon)

   A truly terrible weapon, it drains the life of any living foe it strikes.
   Str:       It affects your strength (+4).
   SInv:      It lets you see invisible.
 y - the +3 morningstar of the Poles {freeze, rC+ Int+7}
   (You found it in the Dungeon)

   It freezes those it strikes, dealing additional cold damage.
   It can also slow down cold-blooded creatures.
   Int:       It affects your intelligence (+7).
   rC:        It protects you from cold.
 B - the +9 morningstar of Stickiness {vorpal, +Blink rC- rN++ Dex+3}
   (You found it in the Dungeon)

   It inflicts extra damage upon your enemies.
   Dex:       It affects your dexterity (+3).
   rC:        It makes you vulnerable to cold.
   rN:        It greatly protects you from negative energy.
   +Blink:    It lets you blink.
 H - the +6 war axe of Compulsion {vorpal, Str+4 SInv}
   (Trog gifted it to you in the Dungeon)

   It inflicts extra damage upon your enemies.
   Str:       It affects your strength (+4).
   SInv:      It lets you see invisible.
 K - the +5 battleaxe of Vaxtiffy (weapon) {flame, Str+3}
   (Trog gifted it to you in the Dungeon)

   It burns those it strikes, dealing additional fire damage.
   Big, fiery blades are also staple armaments of hydra-hunters.
   Str:       It affects your strength (+3).
Armour
 b - a +4 scale mail of willpower
 h - a +0 hat (worn)
 j - the +0 pair of boots of Dien (worn) {Fly Int+4}
   (You bought it in a shop in the Dungeon)

   Int:       It affects your intelligence (+4).
   Fly:       It grants you flight.
 k - the +3 scale mail "Unoeloyw" (worn) {rF+++ Will+ Regen+}
   (You bought it in a shop in the Dungeon)

   rF:        It renders you almost immune to fire.
   Regen:     It increases your rate of health regeneration.
   Will:      It increases your willpower.
 m - a +2 pair of gloves (worn)
 w - a +1 crystal plate armour
 J - a +0 pair of gloves of infusion
Jewellery
 i - a ring of protection from fire
 p - the amulet "Otsaxec" (around neck) {Reflect Fly rC- Str+2 Dex+2 SH+5}
   (You bought it in a shop in the Dungeon)

   [amulet of reflection]

   It reflects blocked missile attacks.
   Str:       It affects your strength (+2).
   Dex:       It affects your dexterity (+2).
   rC:        It makes you vulnerable to cold.
   Fly:       It grants you flight.
   SH:        It affects your SH (+5).
 r - a ring of see invisible
 t - a ring of fire
 z - the ring "Osuh Lyti" (left hand) {Wiz rC++ Int+4 Stlth+}
   (You found it in the Dungeon)

   [ring of wizardry]

   It improves your spell success rate.
   Int:       It affects your intelligence (+4).
   rC:        It greatly protects you from cold.
   Stlth:     It makes you more stealthy.
 A - an amulet of regeneration
 C - an amulet of the acrobat
 D - a +4 ring of protection
Wands
 o - a wand of flame (14)
Scrolls
 F - 4 scrolls of identify
 G - a scroll of blinking
 L - a scroll of magic mapping {unknown}
Potions
 c - 2 potions of curing
 e - a potion of haste
 f - 26 potions of magic
 g - a potion of berserk rage
 n - 4 potions of heal wounds
 q - 2 potions of might
 s - a potion of resistance
 x - 3 potions of experience {unknown}
 E - a potion of brilliance {unknown}
 I - 18 potions of mutation
Miscellaneous
 v - a tin of tremorstones (1/2)


   Skills:
 + Level 24.8 Fighting
 + Level 26.3 Axes
 + Level 17.2 Armour
 + Level 14.5 Dodging
 + Level 4.6 Stealth
 + Level 4.5 Shields


You had 12 spell levels left.
You didn't know any spells.
Your spell library was empty.

Dungeon Overview and Level Annotations

Branches:
Dungeon (1/1)

Altars:
Cheibriados
Dithmenos
Elyvilon
Fedhas
Gozag
Hepliaklqana
Kikubaaqudgha
Makhleb
Nemelex Xobeh
Okawaru
Qazlal
Ru
Sif Muna
Trog
Uskayaw
Vehumet
Wu Jian
Xom
Yredelemnul
Zin
The Shining One
Beogh
Jiyva
Lugonu

Shops:
D :!:!(:(*!!**[!=(=!(:=(*?[[?([=?*:*=

Annotations:
D exclusion: obsidian statue, Lernaean hydra, Nikola


Innate Abilities, Weirdness & Mutations

You have a pair of horns on your head.
You reflexively headbutt those who attack you in melee.
You have a somewhat thin skeletal structure. (Dex +2, Stealth+)
You have supernaturally acute eyesight. (SInv)


Message History

Nikola hits you with a +3 rapier of electrocution.
You are electrocuted!!
You hit Nikola. You burn Nikola. Your headbutt misses Nikola.
Nikola is moderately wounded.
Nikola barely misses you.
You slash Nikola! You burn Nikola. You headbutt Nikola.
Nikola is heavily wounded.
A red film seems to cover your vision as you go berserk!
You feel yourself moving faster!
You feel mighty!
Nikola gestures wildly while chanting.
Nikola blinks!
You feel a strong urge to attack something.
There is an open door, spattered with blood here.
Nikola gestures wildly while chanting.
Lightning arcs from Nikola's hands!
The bolt of lightning hits you!!!
You feel your anger nearly subside.
x - 3 inky potions (gained 1)
You are no longer berserk.
You are exhausted.
You feel yourself slow down.
There is an open door, spattered with blood here.
Nikola mumbles some strange words.
Nikola blinks!
Nikola points at you and mumbles some strange words.
The bolt of lightning hits you!!!
Nikola says, "There's a spark of magic in your eyes."
Nikola gestures at you while chanting. The bolt of lightning misses you.
The tremorstone explodes into fragments!
The burst of rock shards engulfs Nikola!!
Nikola gestures at you while chanting. The bolt of lightning misses you.
Nikola hits you with a +3 rapier of electrocution.
Nikola casts a spell.
Nikola blinks!
You slice Nikola like a ripe choko!!! You burn Nikola!
Nikola is severely wounded.
Nikola mumbles some strange words.
Lightning arcs from Nikola's hands!
The bolt of lightning hits you!!!
You die...

##.⌠.∩.[..#≈≈####.).
##..∩.∩...#≈##.###'#
##...∩.∩..#≈#).)##.#
##....∩...'≈'.##'.<.
##.....∩.∩#≈#...##.#
#▓▓▓▓▓▓▓###≈##.###'#
##...######≈≈####...
#...#..÷.##≈≈≈#.##.
#∩@.÷:.#+##'#≈##.##
#@..#:##≈##.#≈≈##+#
#(..###≈≈≈####≈≈°°≈
##'###≈≈§≈§# #'○'#+
#..$##§≈≈≈≈###≈°○§§
##+###≈≈≈≈≈##§°°○§§
.$.#+≈§.§≈+≈≈≈○≈8≈
#+###§≈≈≈§##≈≈≈○≈○
!.!##§§§≈≈###≈≈○°○


You could see Nikola.

Vanquished Creatures
  A golden dragon (D)
  A hellephant (D)
  A deep elf blademaster (D)
  Gastronok (D)
  2 sphinxes (D)
  A kraken (D)
  A storm dragon (D)
  Roxanne (D)
  A draconian shifter (D)
  A dire elephant (D)
  A yaktaur captain (D)
  A great orb of eyes (D)
  An ice dragon (D)
  An iron elemental (D)
  A centaur warrior (D)
  2 hell hogs (D)
  Sonja (D)
  3 sixfirhies (D)
  A glowing orange brain (D)
  2 deep trolls (D)
  An orange crystal statue (D)
  A harpy (D)
  3 orc sorcerers (D)
  An oklob plant (D)
  12 shining eyes (D)
  An elephant (D)
  A merfolk siren (D)
  An ice statue (D)
  An eye of devastation (D)
  A yaktaur (D)
  A kobold demonologist (D)
  4 polar bears (D)
  A hornet (D)
  6 flying skulls (D)
  3 yaks (D)
  3 wyverns (D)
  4 neqoxecs (D)
  Menkaure (D)
  10 floating eyes (D)
  5 water moccasins (D)
  5 necrophages (D)
  A scorpion (D)
  4 lava snakes (D)
  A jelly (D)
  An iron imp (D)
  3 worms (D)
101 creatures vanquished.

Vanquished Creatures (collateral kills)
  Kirke (D)
  A skeletal warrior (D)
  A polar bear (D)
  A water moccasin (D)
4 creatures vanquished.

Vanquished Creatures (others)
  Nessos (D)
  A water moccasin (D)
  8 tentacles (D)
10 creatures vanquished.

Grand Total: 115 creatures vanquished

Notes
Turn   | Place    | Note
-------+----------+-------------------------------------------
     0 | D        | boopmooplesden the Minotaur Berserker began the quest for
                  | the Orb.
     0 | D        | Reached XP level 1. HP: 19/19 MP: 0/0
     6 | D        | Reached skill level 4 in Axes
    32 | D        | Killed a water moccasin
    64 | D        | Reached ** piety under Trog
    65 | D        | Reached XP level 2. HP: 15/28 MP: 1/1
   301 | D        | Noticed a merfolk siren
   307 | D        | Killed a merfolk siren
   308 | D        | Reached skill level 10 in Fighting
   308 | D        | Reached skill level 11 in Axes
   308 | D        | Reached skill level 5 in Armour
   308 | D        | Reached skill level 5 in Dodging
   308 | D        | Reached XP level 3. HP: 27/46 MP: 2/2
   308 | D        | Reached XP level 4. HP: 31/52 MP: 3/3
   308 | D        | Reached XP level 5. HP: 35/59 MP: 4/4
   308 | D        | Reached XP level 6. HP: 40/67 MP: 5/5
   493 | D        | Noticed a neqoxec
   493 | D        | Noticed a neqoxec
   493 | D        | Noticed a neqoxec
   493 | D        | Noticed a neqoxec
   497 | D        | Killed a neqoxec
   498 | D        | Reached skill level 12 in Axes
   501 | D        | Killed a neqoxec
   501 | D        | Reached *** piety under Trog
   502 | D        | Reached XP level 7. HP: 75/75 MP: 6/6
   505 | D        | Killed a neqoxec
   506 | D        | Reached skill level 13 in Axes
   506 | D        | Killed a neqoxec
   663 | D        | Reached skill level 14 in Axes
   668 | D        | Reached XP level 8. HP: 86/86 MP: 7/7
   670 | D        | Reached **** piety under Trog
   682 | D        | Found Yxkole Beeny's Armour Shop.
   682 | D        | Found Feng's Magic Scroll Boutique.
   682 | D        | Found Tauqutal's Antique Armour Shop.
   682 | D        | Found Ryruxorph's Jewellery Boutique.
   682 | D        | Found Baalah's Book Shop.
   682 | D        | Found Temmelor's Antique Armour Shop.
   682 | D        | Found Haisoat's Weapon Boutique.
   683 | D        | Found Tootside's Jewellery Boutique.
   683 | D        | Found Darhuch's Distillery.
   683 | D        | Found Barpha's Antique Armour Boutique.
   683 | D        | Found Zydaovui's Antique Weapon Shop.
   684 | D        | Found Xynam's Antique Weapon Shop.
   684 | D        | Found Ereff's Distillery.
   684 | D        | Found Xaptau's Distillery.
   684 | D        | Noticed Menkaure
   693 | D        | Killed Menkaure
   694 | D        | Reached skill level 15 in Axes
   701 | D        | Reached ***** piety under Trog
   711 | D        | Noticed an oklob plant
   712 | D        | Found Wataady's Book Shoppe.
   715 | D        | Noticed an ice dragon
   717 | D        | Bought a pair of masterwork boots for 218 gold pieces
   717 | D        | Identified the +0 pair of boots of Dien {Fly Int+4} (You
                  | bought it in a shop in the Dungeon)
   723 | D        | Noticed a polar bear
   725 | D        | Noticed a polar bear
   732 | D        | Bought a heavily runed scale mail for 189 gold pieces
   732 | D        | Identified the +3 scale mail "Unoeloyw" {rF+++ Will+
                  | Regen+} (You bought it in a shop in the Dungeon)
   743 | D        | Bought the +1 battleaxe "Pavah" {vorpal, Str+3} for 308
                  | gold pieces
   749 | D        | Bought a pair of gloves for 112 gold pieces
   768 | D        | Noticed an obsidian statue
   775 | D        | Noticed an ice statue
   784 | D        | Found a white marble altar of Elyvilon.
   784 | D        | Found a shadowy altar of Dithmenos.
   784 | D        | Found an ancient bone altar of Kikubaaqudgha.
   784 | D        | Found a hazy altar of Hepliaklqana.
   785 | D        | Found a blossoming altar of Fedhas.
   785 | D        | Found a corrupted altar of Lugonu.
   785 | D        | Found a snail-covered altar of Cheibriados.
   785 | D        | Found a viscous altar of Jiyva.
   785 | D        | Found a shimmering blue altar of Sif Muna.
   785 | D        | Found a sacrificial altar of Ru.
   785 | D        | Found a stormy altar of Qazlal.
   785 | D        | Found an ornate altar of the Wu Jian Council.
   797 | D        | Found a shimmering altar of Xom.
   797 | D        | Found a bloodstained altar of Trog.
   797 | D        | Found a burning altar of Makhleb.
   798 | D        | Found a glowing golden altar of the Shining One.
   798 | D        | Found a basalt altar of Yredelemnul.
   798 | D        | Found a hide-covered altar of Uskayaw.
   799 | D        | Found a glowing silver altar of Zin.
   800 | D        | Noticed a yaktaur
   800 | D        | Noticed a hornet
   800 | D        | Noticed a polar bear
   800 | D        | Noticed a polar bear
   801 | D        | Noticed a polar bear
   802 | D        | Killed a polar bear
   803 | D        | Reached skill level 1 in Stealth
   803 | D        | Paralysed by a hornet for 3 turns
   808 | D        | Killed a hornet
   809 | D        | Reached skill level 16 in Axes
   813 | D        | Killed a polar bear
   814 | D        | Reached XP level 9. HP: 19/96 MP: 8/8
   814 | D        | Killed a yaktaur
   814 | D        | Received a gift from Trog
   815 | D        | Reached skill level 15 in Fighting
   817 | D        | HP: 4/97 [polar bear (1)]
   819 | D        | Found a radiant altar of Vehumet.
   819 | D        | Killed a polar bear
   820 | D        | Reached skill level 17 in Axes
  1017 | D        | Noticed a kraken
  1033 | D        | Found a sparkling altar of Nemelex Xobeh.
  1035 | D        | Found an iron altar of Okawaru.
  1035 | D        | Found an opulent altar of Gozag.
  1111 | D        | Noticed a deep troll
  1111 | D        | Noticed a deep troll
  1118 | D        | Killed a deep troll
  1122 | D        | Killed a deep troll
  1123 | D        | Reached skill level 18 in Axes
  1123 | D        | Reached skill level 10 in Armour
  1294 | D        | Noticed a sphinx
  1294 | D        | Noticed a sphinx
  1300 | D        | Killed a sphinx
  1301 | D        | Reached XP level 10. HP: 108/108 MP: 9/9
  1302 | D        | Killed a sphinx
  1303 | D        | Reached skill level 19 in Axes
  1464 | D        | Killed a kraken
  1465 | D        | Reached skill level 10 in Dodging
  1603 | D        | Bought the amulet "Otsaxec" {Reflect Fly rC- Str+2 Dex+2
                  | SH+5} for 486 gold pieces
  1633 | D        | Noticed Roxanne
  1636 | D        | Noticed Kirke
  1636 | D        | Noticed a yaktaur captain
  1636 | D        | Noticed a skeletal warrior
  1647 | D        | Killed a yaktaur captain
  1648 | D        | Reached skill level 20 in Axes
  1649 | D        | Noticed a sun demon
  1649 | D        | Reached ****** piety under Trog
  1650 | D        | Reached XP level 11. HP: 118/118 MP: 10/10
  1660 | D        | Noticed a centaur warrior
  1663 | D        | Killed Kirke
  1663 | D        | Received a gift from Trog
  1664 | D        | Killed a skeletal warrior
  1665 | D        | Killed a centaur warrior
  1666 | D        | Reached skill level 21 in Axes
  1711 | D        | Received a gift from Trog
  1720 | D        | Noticed a hell hog
  1720 | D        | Noticed an iron elemental
  1720 | D        | Noticed a great orb of eyes
  1720 | D        | Noticed a hell hog
  1722 | D        | Killed a hell hog
  1724 | D        | Killed a hell hog
  1725 | D        | Killed a great orb of eyes
  1726 | D        | Reached skill level 1 in Shields
  1741 | D        | Killed an iron elemental
  1742 | D        | Reached skill level 22 in Axes
  1777 | D        | Found Vemam's Book Emporium.
  1777 | D        | Found Kios Kak's Distillery.
  1778 | D        | Found Dodu's Weapon Shop.
  1778 | D        | Found Kuxzis's Weapon Shoppe.
  1778 | D        | Found Gouc Ming's Assorted Antiques.
  1778 | D        | Found Laxky's Jewellery Emporium.
  1778 | D        | Found Jeigemp's Assorted Antiques.
  1778 | D        | Found Afaymam's Book Shoppe.
  1778 | D        | Found Tiynwef's General Store.
  1778 | D        | Found Madamut's General Store.
  1778 | D        | Found Igupt's Distillery.
  1778 | D        | Found Imuat's Magic Scroll Shoppe.
  1786 | D        | Bought a scroll of acquirement for 572 gold pieces
  1786 | D        | Acquired 1322 gold pieces
  1791 | D        | Bought a smoking hand axe for 224 gold pieces
  1791 | D        | Identified the +1 hand axe of Ocwigou {drain, Str+4 SInv}
                  | (You bought it in a shop in the Dungeon)
  1796 | D        | Bought a tin of tremorstones (2/2) for 1120 gold pieces
  1802 | D        | Bought a potion of heal wounds for 60 gold pieces
  1802 | D        | Bought a potion of heal wounds for 60 gold pieces
  1831 | D        | Killed Roxanne
  1831 | D        | Received a gift from Trog
  2072 | D        | Noticed a storm dragon
  2083 | D        | Killed a storm dragon
  2084 | D        | Reached skill level 15 in Armour
  2278 | D        | Found Guolateukk's Jewellery Boutique.
  2278 | D        | Found Lyinikee's Assorted Antiques.
  2278 | D        | Found Yzeeg's Assorted Antiques.
  2278 | D        | Found Enuoss's Jewellery Boutique.
  2278 | D        | Noticed a golden dragon
  2285 | D        | Killed a golden dragon
  2286 | D        | Reached XP level 12. HP: 109/134 MP: 11/11
  2387 | D        | Reached skill level 23 in Axes
  2415 | D        | Found Conetuso's Book Shoppe.
  2416 | D        | Found Peetoc's Magic Scroll Boutique.
  2476 | D        | Bought a scroll of identify for 28 gold pieces
  2504 | D        | Found Keseni's Antique Weapon Emporium.
  2513 | D        | Found Xiyzul's Distillery.
  2514 | D        | Noticed Nessos
  2527 | D        | Killed Nessos
  2537 | D        | Acquired 1252 gold pieces
  2691 | D        | Noticed Gastronok
  2698 | D        | Killed Gastronok
  2911 | D        | Noticed a dire elephant
  2916 | D        | Killed a dire elephant
  2919 | D        | Received a gift from Trog
  2927 | D        | Reached skill level 24 in Axes
  2951 | D        | Identified the +3 morningstar of the Poles {freeze, rC+
                  | Int+7}
  2959 | D        | Identified the +9 morningstar of Stickiness {vorpal, +Blink
                  | rC- rN++ Dex+3}
  2960 | D        | Identified the ring "Osuh Lyti" {Wiz rC++ Int+4 Stlth+}
  2984 | D        | Identified the +3 robe of the Equator {*Slow rPois Int+6
                  | Stlth+}
  3049 | D        | Received a gift from Trog
  3162 | D        | Noticed a deep elf blademaster
  3240 | D        | Killed a deep elf blademaster
  3243 | D        | Identified the +6 war axe of Compulsion {vorpal, Str+4
                  | SInv} (Trog gifted it to you in the Dungeon)
  3243 | D        | Received a gift from Trog
  3299 | D        | Gained mutation: You are frail. (-10% HP) [a shining eye]
  3300 | D        | Paralysed by a floating eye for 3 turns
  3300 | D        | Gained mutation: You are resistant to electric shocks.
                  | (rElec) [a shining eye]
  3302 | D        | Gained mutation: Your body sometimes deteriorates upon
                  | taking damage. [a shining eye]
  3305 | D        | Gained mutation: Your magical capacity is low. (-10% MP) [a
                  | shining eye]
  3307 | D        | Gained mutation: Your spells are a little easier to cast,
                  | but a little less powerful. [a shining eye]
  3307 | D        | Gained mutation: Your body often deteriorates upon taking
                  | damage. [a shining eye]
  3307 | D        | Paralysed by a floating eye for 4 turns
  3307 | D        | Gained mutation: You occasionally shout uncontrollably at
                  | your foes. [a shining eye]
  3309 | D        | Gained mutation: You expend magic power (3 MP) to
                  | strengthen your wands. [a shining eye]
  3310 | D        | Gained mutation: You do not regenerate when monsters are
                  | visible. [a shining eye]
  3310 | D        | Gained mutation: You are clumsy. (Dex -2) [a shining eye]
  3312 | D        | Received a gift from Trog
  3313 | D        | Reached XP level 13. HP: 132/132 MP: 10/10
  3314 | D        | Received a gift from Trog
  3316 | D        | Reached skill level 25 in Axes
  3316 | D        | Gained mutation: You frequently scream uncontrollably at
                  | your foes. [a shining eye]
  3316 | D        | Gained mutation: You are weak. (Str -2) [a shining eye]
  3319 | D        | Gained mutation: Your spells are easier to cast, but less
                  | powerful. [a shining eye]
  3328 | D        | Received a gift from Trog
  3381 | D        | Noticed a purple draconian shifter
  3381 | D        | Noticed Sonja
  3382 | D        | Noticed a hellephant
  3386 | D        | Killed Sonja
  3396 | D        | Killed a hellephant
  3405 | D        | Killed a purple draconian shifter
  3406 | D        | Reached skill level 26 in Axes
  3500 | D        | Lost mutation: You are clumsy. (Dex -2) [potion of
                  | mutation]
  3500 | D        | Lost mutation: You are resistant to electric shocks.
                  | (rElec) [potion of mutation]
  3500 | D        | Lost mutation: You expend magic power (3 MP) to strengthen
                  | your wands. [potion of mutation]
  3500 | D        | Gained mutation: Your mind is acute. (Int +2) [potion of
                  | mutation]
  3501 | D        | Lost mutation: You are weak. (Str -2) [potion of mutation]
  3501 | D        | Lost mutation: You do not regenerate when monsters are
                  | visible. [potion of mutation]
  3501 | D        | Gained mutation: You have hidden genetic defects. [potion
                  | of mutation]
  3501 | D        | Gained mutation: Armour fits poorly on your strangely
                  | shaped body. [potion of mutation]
  3502 | D        | Lost mutation: You have hidden genetic defects. [potion of
                  | mutation]
  3502 | D        | Lost mutation: You are frail. (-10% HP) [potion of
                  | mutation]
  3503 | D        | Lost mutation: Your spells are easier to cast, but less
                  | powerful. [potion of mutation]
  3503 | D        | Lost mutation: Armour fits poorly on your strangely shaped
                  | body. [potion of mutation]
  3503 | D        | Lost mutation: Your spells are a little easier to cast, but
                  | a little less powerful. [potion of mutation]
  3503 | D        | Gained mutation: You tend to lose your temper in combat.
                  | [potion of mutation]
  3504 | D        | Lost mutation: You tend to lose your temper in combat.
                  | [potion of mutation]
  3504 | D        | Lost mutation: Your magical capacity is low. (-10% MP)
                  | [potion of mutation]
  3504 | D        | Lost mutation: You frequently scream uncontrollably at your
                  | foes. [potion of mutation]
  3504 | D        | Lost mutation: Your mind is acute. (Int +2) [potion of
                  | mutation]
  3504 | D        | Gained mutation: Your flesh is cold resistant. (rC+)
                  | [potion of mutation]
  3504 | D        | Gained mutation: Armour fits poorly on your strangely
                  | shaped body. [potion of mutation]
  3504 | D        | Gained mutation: You are somewhat resistant to further
                  | mutation. [potion of mutation]
  3505 | D        | Lost mutation: Armour fits poorly on your strangely shaped
                  | body. [potion of mutation]
  3505 | D        | Lost mutation: Your flesh is cold resistant. (rC+) [potion
                  | of mutation]
  3506 | D        | Lost mutation: You are somewhat resistant to further
                  | mutation. [potion of mutation]
  3506 | D        | Lost mutation: Your body often deteriorates upon taking
                  | damage. [potion of mutation]
  3506 | D        | Lost mutation: Your body sometimes deteriorates upon taking
                  | damage. [potion of mutation]
  3506 | D        | Gained mutation: You are agile. (Dex +2) [potion of
                  | mutation]
  3506 | D        | Gained mutation: You are frail. (-10% HP) [potion of
                  | mutation]
  3506 | D        | Lost mutation: You are agile. (Dex +2) [potion of mutation]
  3506 | D        | Gained mutation: Your movements are slightly less
                  | encumbered by armour. (ER -2) [potion of mutation]
  3517 | D        | Noticed Nikola
  3524 | D        | Noticed the 27-headed Lernaean hydra
  3530 | D        | Gained mutation: You passively map a small area around you.
                  | [mutagenic glow]
  3537 | D        | Gained mutation: You frequently scream uncontrollably at
                  | your foes. [mutagenic glow]
  3550 | D        | Gained mutation: You are dopey. (Int -2) [mutagenic glow]
  3564 | D        | Gained mutation: Armour fits poorly on your strangely
                  | shaped body. [mutagenic glow]
  3577 | D        | Lost mutation: You are dopey. (Int -2) [potion of mutation]
  3577 | D        | Lost mutation: Your movements are slightly less encumbered
                  | by armour. (ER -2) [potion of mutation]
  3577 | D        | Lost mutation: You passively map a small area around you.
                  | [potion of mutation]
  3577 | D        | Lost mutation: Armour fits poorly on your strangely shaped
                  | body. [potion of mutation]
  3577 | D        | Gained mutation: You have supernaturally acute eyesight.
                  | (SInv) [potion of mutation]
  3578 | D        | Lost mutation: You frequently scream uncontrollably at your
                  | foes. [potion of mutation]
  3578 | D        | Lost mutation: You occasionally shout uncontrollably at
                  | your foes. [potion of mutation]
  3578 | D        | Lost mutation: You are frail. (-10% HP) [potion of
                  | mutation]
  3578 | D        | Gained mutation: You have a somewhat thin skeletal
                  | structure. (Dex +2, Stealth+) [potion of mutation]
  3585 | D        | Identified the +5 battleaxe of Vaxtiffy {flame, Str+3}
                  | (Trog gifted it to you in the Dungeon)
  3585 | D        | Received a gift from Trog
  3919 | D        | Killed from afar by Nikola

Illustrated notes

Levels and vault maps discovered:
D:        the_violet_keep_of_menkaure [sprint2_stairs_cluster_1,
          sprint2_shoproom, sprint2_temple, sprint2_basic_supplies,
          sprint2_obstacle_3, sprint2_obstacle_2, sprint2_obstacle_6,
          sprint2_obstacle_4, sprint2_obstacle_5, sprint2_timed_cluster_1,
          sprint2_smallroom_cluster_1, sprint2_smallroom_final_cluster_1,
          sprint2_transparent_cluster_1, sprint2_second_timed_cluster_1,
          sprint2_sniper_area_1, sprint2_heavy_combat_area_1,
          sprint2_mutation_trap_area_1, sprint2_forest_area_1,
          sprint2_light_combat_area_1, sprint2_behind_water_1,
          sprint2_near_end_vault_1]

Skill      XL: |  1  2  3  4  5  6  7  8  9 10 11 12 13 |
---------------+----------------------------------------+-----
Fighting       | 4 10 11 13 14 16 17 20 22 24 | 24.8
Axes           | 4 11 12 14 16 18 20 22 24 26 | 26.3
Armour         | 5 6 7 11 13 15 16 17 | 17.2
Dodging        | 5 6 7 9 10 12 13 14 | 14.5
Stealth        | 1 2 3 4 |  4.6
Shields        | 2 4 |  4.5

Action                   |  1- 3 |  4- 6 |  7- 9 | 10-12 | 13-15 || total
-------------------------+-------+-------+-------+-------+-------++-------
Melee: Hand axe          |    15 |     6 |    24 |       |       ||    45
       Headbutt          |     4 |     2 |     9 |    34 |    14 ||    63
       Punch             |     1 |       |       |       |       ||     1
       Battleaxe         |       |       |    32 |   150 |    42 ||   224
       Executioner's axe |       |       |       |       |     9 ||     9
Invok: Berserk           |     2 |     1 |     4 |    12 |     4 ||    23
       Brothers in Arms  |       |       |     1 |     1 |       ||     2
Evoke: Tin of tremorston |       |       |       |       |     1 ||     1
  Use: Potion            |       |       |     1 |     2 |     9 ||    12
       Scroll            |       |       |       |    15 |       ||    15
Armor: Animal skin       |       |     1 |     3 |       |       ||     4
       Scale mail        |       |       |    37 |    39 |    10 ||    86
Dodge: Dodged            |     4 |     4 |    43 |    53 |    16 ||   120
Block: Other             |       |       |       |    18 |     2 ||    20
       Reflection        |       |       |       |     2 |       ||     2
